 Dungeon Crawl Stone Soup version 0.26-a0-830-g2a559e7be2 (webtiles) character file.

Game seed: 17633204160744785018

515 Riddle the Magician (level 7, -4/50 HPs)
             Began as a White Draconian Fire Elementalist on Nov 15, 2020.
             Slain by a centaur (5 damage)
             ... on level 5 of the Dungeon.
             The game lasted 00:04:30 (6527 turns).

Riddle the Magician (DrFE)                          Turns: 6527, Time: 00:04:30

Health: -4/50      AC:  6    Str: 11    XL:     7   Next: 0%
Magic:  10/13      EV: 12    Int: 17    God:
Gold:   260        SH:  0    Dex: 11    Spells: 13/14 levels left

rFire    + + +     SeeInvis .   d - +2 whip (elec)
rCold    . . .     Faith    .   (no shield)
rNeg     . . .     Spirit   .   (armour unavailable)
rPois    .         Reflect  .   (helmet restricted)
rElec    .         Harm     .   o - scarf {rC+ rF+}
rCorr    .         Rampage  .   (no gloves)
MR       .....                  (no boots)
Stlth    ++........             k - amulet of regeneration
HPRegen  0.56/turn              j - ring of fire
MPRegen  0.13/turn              r - ring of fire (curse)

@: no status effects
A: breathe frost, unfitting armour, cold resistance 1, cold-blooded, AC +6
a: Breathe Frost


You were on level 5 of the Dungeon.
You visited 1 branch of the dungeon, and saw 5 of its levels.

You collected 260 gold pieces.

Inventory:

Hand Weapons
 d - a +2 whip of electrocution (weapon)
Armour
 o - a scarf of resistance (worn)
Jewellery
 j - a ring of fire (left hand)
 k - an amulet of regeneration (around neck)
 p - an uncursed ring of protection from magic
 r - a cursed ring of fire (right hand)
 v - an uncursed ring of protection from fire {unknown}
Scrolls
 a - 4 scrolls of teleportation {unknown}
 b - 2 scrolls of magic mapping {unknown}
 c - 4 scrolls of identify {unknown}
 h - 2 scrolls of noise {unknown}
 i - a scroll of amnesia {unknown}
 l - 4 scrolls of blinking {unknown}
 m - 2 scrolls of fog {unknown}
 n - 3 scrolls of remove curse {unknown}
 q - a scroll of enchant armour {unknown}
 t - a scroll of fear {unknown}
Potions
 e - 2 potions of might {unknown}
 f - a potion of heal wounds {unknown}
 g - 5 potions of curing {unknown}
 s - a potion of mutation {unknown}
 u - a potion of invisibility {unknown}


   Skills:
 - Level 1.7 Dodging
 - Level 1.7 Stealth
 + Level 4.3 Spellcasting
 + Level 4.2 Conjurations
 + Level 4.2 Fire Magic


You had 13 spell levels left.
You knew the following spells:

 Your Spells              Type           Power        Failure   Level
a - Foxfire               Conj/Fire      ####         2%          1

Your spell library contained the following spells:

 Spells                   Type           Power        Failure   Level
 Conjure Flame            Conj/Fire      #####...     8%          3
 Inner Flame              Hex/Fire       ###.....     19%         3
 Sticky Flame             Conj/Fire      #####...     26%         4
 Fireball                 Conj/Fire      #####.....   58%         5


Dungeon Overview and Level Annotations

Branches:
Dungeon (5/15)             Temple (0/1) D:5

Altars:
Elyvilon
Fedhas
Okawaru


Innate Abilities, Weirdness & Mutations

You can breathe waves of freezing cold.
You can buffet flying creatures when you breathe cold.
Your icy white scales are hard. (AC +6)
You cannot fit into any form of body armour.
Your flesh is cold resistant. (rC+)
You are cold-blooded and may be slowed by cold attacks.


Message History

The centaur hits you but does no damage.
The centaur hits you!
* * * LOW HITPOINT WARNING * * *
Casting: Foxfire (safe; 2% risk of failure)
Confirm with . or Enter, or press ? or * to list all spells.
You feel a strong surge of power!
You conjure some foxfire!
The centaur barely misses you.
The foxfire hits the centaur.
The centaur is heavily wounded.
The centaur closely misses you.
The centaur hits you but does no damage.
You hit the centaur.
The centaur is severely wounded.
The centaur hits you but does no damage.
You hit the centaur.
Your tail-slap misses the centaur.
The centaur is almost dead.
The centaur hits you!
* * * LOW HITPOINT WARNING * * *
The centaur hits you.
You die...

#### #...
#.##################.##
#....c@v((.............
#####.##############.##
#. #.# #. ## #.# #.
##PPP##.# .. #P...P#.#
## #P.>..'.# #P...P###
##PPP#


You could see a centaur.

Vanquished Creatures
  A sky beast (D:5)
  A centaur (D:4)
  The ghost of anything the Changer, an amateur OpTm (D:4)
  A hound (D:3)
  An orc priest (D:5)
  A worker ant (D:4)
  A bullfrog simulacrum (D:4)
  A centaur simulacrum (D:4)
  3 adders
  A gnoll (D:1)
  A howler monkey simulacrum (D:4)
  An ooze (D:1)
  3 worms
  5 dart slugs
  An adder simulacrum (D:4)
  4 leopard geckos
  5 orcs
  11 bats
  4 giant cockroaches
  9 hobgoblins
  5 kobolds
  4 frilled lizards
  9 goblins
  A leopard gecko skeleton (D:4)
  A quokka simulacrum (D:4)
  3 rats
79 creatures vanquished.

Vanquished Creatures (collateral kills)
  2 foxfires (D:4)
2 creatures vanquished.

Vanquished Creatures (others)
  230 foxfires
230 creatures vanquished.

Grand Total: 311 creatures vanquished

Notes
Turn   | Place    | Note
-------+----------+-------------------------------------------
     0 | D:1      | Riddle the Draconian Fire Elementalist began the quest for
                  | the Orb.
     0 | D:1      | Reached XP level 1. HP: 14/14 MP: 3/3
   345 | D:1      | Reached XP level 2. HP: 20/20 MP: 5/5
   647 | D:1      | Reached XP level 3. HP: 26/26 MP: 6/6
   912 | D:2      | Found a white marble altar of Elyvilon.
  1838 | D:2      | Reached XP level 4. HP: 33/33 MP: 6/8
  3305 | D:4      | Noticed a centaur
  3421 | D:4      | Killed a centaur
  3422 | D:4      | Reached XP level 5. HP: 15/38 MP: 3/10
  3671 | D:4      | Found a blossoming altar of Fedhas.
  3676 | D:4      | Found a runed translucent gate.
  3808 | D:4      | Found a runed translucent gate.
  3808 | D:4      | Found a runed translucent gate.
  4049 | D:4      | Found an iron altar of Okawaru.
  4476 | D:4      | Noticed anything's ghost (amateur OpTm)
  4476 | D:4      | Noticed an ice beast
  4704 | D:4      | Reached XP level 6. HP: 45/45 MP: 9/11
  5102 | D:4      | Killed anything's ghost
  6238 | D:5      | Entered Level 5 of the Dungeon
  6273 | D:5      | Noticed a sky beast
  6389 | D:5      | Killed a sky beast
  6390 | D:5      | Reached skill level 5 in Fire Magic
  6390 | D:5      | Your scales start taking on an icy white colour.
  6390 | D:5      | Reached XP level 7. HP: 50/50 MP: 4/13
  6390 | D:5      | Gained mutation: Your flesh is cold resistant. (rC+) [White
                  | Draconian growth]
  6497 | D:5      | Found a staircase to the Ecumenical Temple.
  6527 | D:5      | HP: 1/50 [centaur (7)]
  6527 | D:5      | Slain by a centaur

Illustrated notes

Levels and vault maps discovered:
D:1:      co_arrival_square_in_a_square_in_a_square, layout_loops_cross,
          nrook_campfire
D:2:      layout_basic, elyvilon_altar_5, minmay_misc_feat_chi, minivault_23
D:3:      layout_basic, minmay_pentomino_pile
D:4:      layout_layer_cave, kennysheep_mini_moat, gammafunk_ghost_icy,
          solitary_fountain, hangedman_decor_riveting,
          chequers_serial_rivers_large_b, fedhas_bush_and_centaur_altar
D:5:      layout_loops_ring, lemuel_doored_altar,
          minmay_temple_entry_enclosed_plants, uniq_sigmund

Skill      XL: |  1  2  3  4  5  6 |
---------------+-------------------+-----
Conjurations   | 2 3 4 |  4.2
Spellcasting   | 3 4 |  4.3
Fire Magic     | 4 4 |  4.2
Dodging        | |  1.7
Stealth        | |  1.7

Action                   |  1- 3 |  4- 6 |  7- 9 || total
-------------------------+-------+-------+-------++-------
Melee: Unarmed           |     4 |       |       ||     4
       Tailslap          |    10 |       |       ||    10
       Whip              |    92 |     1 |     2 ||    95
 Cast: Foxfire           |    20 |   112 |     4 ||   136
 Stab: Sleeping          |     1 |       |       ||     1
Armor: Skin              |    31 |     4 |     3 ||    38
Dodge: Dodged            |    70 |    21 |     2 ||    93

Table legend: (Time is in decaauts)
 A = Elapsed time spent in this place.
 B = Non-inter-level travel time spent in this place.
 C = Inter-level travel time spent in this place.
 D = Time resting spent in this place.
 E = Time spent auto-exploring this place.
 F = Levels seen in this place.
 G = Mean time per level.
                   A        B        C        D        E       F      G
               +--------+--------+--------+--------+--------+-----+--------+
         Total |   6557 |   6395 |    162 |   2057 |   3622 |   5 | 1311.4 |
       Dungeon |   6557 |   6395 |    162 |   2057 |   3622 |   5 | 1311.4 |
               +--------+--------+--------+--------+--------+-----+--------+

Top non-repeatable levels by time:
     D:4: 3236 daAuts
     D:2: 1229 daAuts
     D:1: 1114 daAuts
     D:3: 732 daAuts
     D:5: 244 daAuts
